 Dungeon Crawl Stone Soup version 0.16.1-7-g2c6721e (webtiles) character file.

2545 Sachiko the Blocker (level 9, -8/79 HPs)
             Began as a Minotaur Fighter on Mar 29, 2015.
             Was an Initiate of Ru.
             Killed by divine providence
             ... invoked by an orc priest
              (15 damage)
             ... on level 7 of the Dungeon.
             The game lasted 00:25:05 (5745 turns).

Sachiko the Blocker (Minotaur Fighter)              Turns: 5745, Time: 00:25:05

Health: -8/79      AC: 17    Str: 23    XL:     9   Next: 30%
Magic:  4/4        EV:  7    Int:  5    God:    Ru [......]
Gold:   292        SH: 12    Dex: 11    Spells: 0 memorised, 8 levels left

rFire  . . .     SeeInvis .     a - +0 long sword
rCold  . . .     Clarity  .     E - +0 chain mail
rNeg   . . .     SustAb   .     c - +0 shield
rPois  .         Gourm    .     (helmet restricted)
rElec  .         Spirit   .     g - +0 cloak
rCorr  .         Warding  .     s - +0 pair of gloves
rMut   .         Stasis   .     m - +2 pair of boots
MR     .....                    (no amulet)
Stlth  ..........               (no ring)
                                (no ring)

@: lethally poisoned (-8 -> -13), not resistant to hostile enchantments,
extremely unstealthy
A: retaliatory headbutt, horns 2
a: Renounce Religion


You were on level 7 of the Dungeon.
You worshipped Ru.
Ru was noncommittal.
You were not hungry.

You visited 2 branches of the dungeon, and saw 8 of its levels.

You collected 292 gold pieces.

Inventory:

Hand weapons
 a - a +0 long sword (weapon)
Armour
 c - a +0 shield (worn)
 g - a +0 cloak (worn)
 m - a +2 pair of boots (worn)
 s - a +0 pair of gloves (worn)
 E - a +0 chain mail (worn)
Jewellery
 y - an uncursed ring of sustain abilities {unknown}
 D - an uncursed amulet of warding {unknown}
 F - an uncursed ring of poison resistance {unknown}
Magical devices
 b - a wand of disintegration (0)
 p - a wand of magic darts (22)
 u - a wand of slowing (17)
Scrolls
 f - 4 scrolls of amnesia {unknown}
 i - 3 scrolls of identify {unknown}
 o - 2 scrolls of recharging {unknown}
 q - 5 scrolls of random uselessness {unknown}
 r - 2 scrolls of enchant weapon {unknown}
 w - a scroll of immolation {unknown}
 x - 2 scrolls of remove curse {unknown}
 A - a scroll of fog {unknown}
 B - 3 scrolls of teleportation {unknown}
Potions
 e - 3 potions of might
 h - a potion of brilliance {unknown}
 j - a potion of poison {unknown}
 k - 2 potions of haste {unknown}
 l - a potion of agility {unknown}
 n - a potion of degeneration {unknown}
 t - 4 potions of curing {unknown}
 v - a potion of lignification {unknown}
 G - a potion of beneficial mutation {unknown}
Miscellaneous
 C - a plain deck of wonders
Comestibles
 d - 5 bread rations
 z - a meat ration
 H - 4 chunks of flesh


   Skills:
 + Level 7.1 Fighting
 + Level 7.7 Long Blades
 + Level 8.3 Armour
 + Level 9.8 Shields


You had 8 spell levels left.
You didn't know any spells.

Dungeon Overview and Level Annotations

Branches:
Dungeon (7/15)             Temple (1/1) D:6

Altars:
Ashenzari
Cheibriados
Dithmenos
Fedhas
Gozag
Kikubaaqudgha
Makhleb
Nemelex Xobeh
Okawaru
Qazlal
Ru
Vehumet
Xom
Yredelemnul
The Shining One

Shops:
D:5 ?

Annotations:
D:5 Dowan, Duvessa


Innate Abilities, Weirdness & Mutations

You reflexively headbutt those who attack you in melee.
You have a pair of horns on your head.


Message History

You feel sick. You block the killer bee's attack.
You feel sick. The killer bee barely misses you. You furiously retaliate!
You headbutt the killer bee!
The killer bee stings you but does no damage.
You feel sick. You block the killer bee's attack.
You block the killer bee's attack.
The killer bee stings you but does no damage.
You feel sick.
The killer bee stings you but does no damage.
The killer bee stings you but does no damage.
The killer bee stings you.
* * * LOW HITPOINT WARNING * * *
You are more poisoned.
The killer bee poisons you!
Found a runed glass wand.
You feel sick. You block the killer bee's attack.
The orc priest calls down the wrath of Beogh upon you.
Something smites you!
You die...

.... ##_##........
##..#
##...##.......
#...#
#8.#.8#.......
....##
##...##.......
/...#
##.###..###..
#..## #.#♣#.## ##.
#...#####♣.....#
#.
##.......##.#♣###
#. ##yo##@.####.##
##( ##
##.####y.###...##
##.. ..(# ##.##
##o##8.#.8# ##...
....# ###.##
#y###...## #.(..
.....##.y##
#..###_######(...
#.....y.#
#o...###....(##..
##.....##
##..)........)###.
#.....#
####...######....#
##
##....#####......#
##...#


You could see 2 killer bees, an orc priest and an orc.

Vanquished Creatures
  Pikel (D:6)
  The ghost of hornqvist the Basher, an experienced NaFi of Qazlal (D:5)
  An ogre (D:4)
  2 phantoms
  The ghost of Monkaria the Slasher, an average MiSk (D:3)
  A sky beast (D:7)
  2 centaurs (D:5)
  A big kobold (D:7)
  3 scorpions
  2 killer bees (D:7)
  A centaur zombie (D:5)
  3 crimson imps
  2 iguanas
  A goliath beetle (D:5)
  A hound (D:6)
  2 orc priests (D:6)
  2 orc wizards
  5 worker ants
  Jessica (D:3)
  7 adders
  A shadow imp (D:6)
  4 worms
  An adder zombie (D:5)
  An adder skeleton (D:5)
  An ooze (D:1)
  2 giant geckos
  11 orcs
  A bat skeleton (D:5)
  2 giant cockroaches
  26 goblins
  10 hobgoblins
  4 jackals (D:7)
  A quokka (D:4)
  A ball python (D:2)
  11 bats
  A giant gecko skeleton (D:4)
  A giant gecko zombie (D:6)
  4 giant newts
  13 kobolds
  12 rats
  2 ballistomycetes (D:3)
150 creatures vanquished.

Vanquished Creatures (others)
  4 slaves (D:6)
  Robin (D:2)
  A giant spore (D:3)
6 creatures vanquished.

Grand Total: 156 creatures vanquished

Notes
Turn   | Place    | Note
--------------------------------------------------------------
     0 | D:1      | Sachiko, the Minotaur Fighter, began the quest for the Orb.
     0 | D:1      | Reached XP level 1. HP: 19/19 MP: 1/1
   153 | D:1      | Reached XP level 2. HP: 27/27 MP: 1/1
   286 | D:1      | Reached skill level 4 in Shields
   522 | D:2      | Reached XP level 3. HP: 29/33 MP: 2/2
   897 | D:2      | Noticed Robin
   911 | D:2      | Killed Robin
   911 | D:2      | Reached XP level 4. HP: 24/40 MP: 2/2
  1023 | D:2      | Reached skill level 5 in Shields
  1351 | D:3      | Noticed Monkaria's ghost (average MiSk)
  1364 | D:3      | Killed Monkaria's ghost
  1364 | D:3      | Reached XP level 5. HP: 32/47 MP: 2/2
  1601 | D:3      | Reached skill level 5 in Armour
  1651 | D:3      | Noticed Jessica
  1656 | D:3      | Killed Jessica
  1954 | D:3      | Reached XP level 6. HP: 53/53 MP: 3/3
  2370 | D:4      | Reached skill level 5 in Fighting
  2375 | D:4      | Reached skill level 6 in Shields
  2729 | D:4      | Found a sparkling altar of Nemelex Xobeh.
  2794 | D:4      | Reached XP level 7. HP: 50/61 MP: 3/3
  3157 | D:5      | Entered Level 5 of the Dungeon
  3275 | D:5      | Noticed hornqvist's ghost (experienced NaFi)
  3351 | D:5      | Reached skill level 5 in Long Blades
  3842 | D:5      | Found Diucs' Magic Scroll Emporium.
  4065 | D:5      | Noticed Duvessa
  4065 | D:5      | Noticed Dowan
  4751 | D:5      | Killed hornqvist's ghost
  4751 | D:5      | Reached skill level 7 in Armour
  4751 | D:5      | Reached XP level 8. HP: 48/71 MP: 3/3
  4951 | D:6      | Noticed Pikel
  5063 | D:6      | Reached skill level 8 in Shields
  5168 | D:6      | Killed Pikel
  5168 | D:6      | Reached skill level 9 in Shields
  5227 | D:6      | Found a staircase to the Ecumenical Temple.
  5236 | D:6      | Reached XP level 9. HP: 78/78 MP: 4/4
  5243 | Temple   | Entered the Ecumenical Temple
  5297 | Temple   | Became a worshipper of Ru the Awakened
  5591 | D:7      | Found a blossoming altar of Fedhas.
  5600 | D:7      | Found an iron altar of Okawaru.
  5745 | D:7      | Killed from afar by an orc priest

Action                   |  1- 3 |  4- 6 |  7- 9 || total
-------------------------+-------+-------+-------++-------
Melee: Long sword        |   107 |   149 |   301 ||   557
  Eat: Chunk             |       |     6 |     2 ||     8
       Fruit             |       |       |     3 ||     3
       Pizza             |       |       |     1 ||     1
       Bread ration      |       |       |     1 ||     1
